[Event "Titled Tuesday Blitz April 18 Early 2023"]
[White "Barria Santos, Jose Guilherme"]
[Black "Kotepalli, Sai Nirupama"]
[WhiteFideId "1939300"]
[BlackFideId "5039444"]
[WhiteElo "2266"]
[BlackElo "2335"]
[Result "0-1"]
[Round "10"]
[TimeControl "180+2"]
[Date "2023.04.18"]
[WhiteClock "0:01:39"]
[BlackClock "0:01:27"]

1. e4 c5 2. Nf3 e6 3. d4 cxd4 4. Nxd4 Nf6 5. Nc3 Nc6 6. Ndb5 Bb4 7. a3 Bxc3+ 8. Nxc3 d5 9. exd5 exd5 10. Bd3 d4 11. Ne2 Qd5 12. O-O O-O 13. Nf4 Qd6 14. c3 Bg4 15. f3 Be6 16. cxd4 Qxd4+ 17. Kh1 Rad8 18. Bc2 Qc5 19. Qe2 Nd4 20. Be3 Nxe2 21. Bxc5 Nxf4 22. Bxf8 Kxf8 23. Rad1 Rc8 24. Ba4 a6 25. Rc1 Rxc1 26. Rxc1 N6d5 27. Bb3 Ke7 28. Kg1 Ne2+ 0-1


[Site "https://www.chess.com"]

[Event "Titled Tuesday Blitz April 18 Early 2023"]
[White "ryutherunner"]
[Black "Jiganchine, Roman"]
[BlackFideId "2603667"]
[WhiteElo "2122"]
[BlackElo "2242"]
[Result "1/2-1/2"]
[Round "10"]
[TimeControl "180+2"]
[Date "2023.04.18"]
[WhiteClock "0:00:07"]
[BlackClock "0:00:13"]

1. d4 d5 2. c4 e6 3. Nf3 Nf6 4. Nc3 c5 5. dxc5 Bxc5 6. cxd5 exd5 7. Bg5 Be6 8. Bxf6 Qxf6 9. e3 O-O 10. Be2 Nc6 11. a3 a6 12. O-O d4 13. Ne4 Qe7 14. Rc1 Ba7 15. exd4 Rad8 16. Qa4 Nxd4 17. Rfe1 Bb3 18. Qb4 Qxe4 19. Nxd4 Qxd4 20. Qxb3 Qxf2+ 21. Kh1 Be3 22. Rcd1 Rxd1 23. Qxd1 Bb6 24. Rf1 Qh4 25. Qc2 g6 26. Bf3 Bd4 27. Bxb7 Be5 28. g3 Bxg3 29. Qg2 Be5 30. Bxa6 Kg7 31. b3 Rd8 32. Bc4 Rd7 33. a4 f5 34. a5 Qh6 35. Rf2 Bc7 36. a6 Rd1+ 37. Rf1 Rd2 38. Rf2 Rd1+ 39. Bf1 Bb6 40. Re2 Rd7 41. Rc2 Qe3 42. Re2 Qd4 43. b4 h5 44. b5 Kh6 45. h3 f4 46. Qh2 f3 47. Rf2 Qxf2 48. Qf4+ Kg7 49. Qe5+ Kh7 50. Qh2 Qxh2+ 51. Kxh2 Ba7 52. Kg3 Rd6 53. Bc4 Rb6 54. Kxf3 Kg7 55. Ke4 Kf6 56. Kd5 Ke7 57. Kc5 g5 58. Bd5 Rxa6+ 59. Kb4 Rb6 60. Bc6 h4 61. Kc4 Kd6 62. Kd4 g4 63. Ke4 Rxc6 64. bxc6 g3 65. Kf3 Kxc6 66. Kg2 Kd5 67. Kf3 Ke6 68. Kg2 Kf6 69. Kf3 Kf5 70. Kg2 Kf4 71. Kh1 Kf3 1/2-1/2


[Site "https://www.chess.com"]

[Event "Titled Tuesday Blitz April 18 Early 2023"]
[White "Clawitter, Craig"]
[Black "Tuleyeva-Aketayeva, Dana"]
[WhiteFideId "2023105"]
[BlackFideId "13701932"]
[WhiteElo "2227"]
[BlackElo "2030"]
[Result "1-0"]
[Round "10"]
[TimeControl "180+2"]
[Date "2023.04.18"]
[WhiteClock "0:01:04"]
[BlackClock "0:01:06"]

1. e4 c5 2. Nf3 Nc6 3. d4 cxd4 4. Nxd4 g6 5. Nc3 Bg7 6. Be3 Nf6 7. Bc4 O-O 8. Bb3 d6 9. f3 Bd7 10. Qd2 Na5 11. Bh6 Nxb3 12. axb3 a6 13. h4 e5 14. Nde2 Be6 15. O-O-O Ne8 16. Bxg7 Kxg7 17. h5 Qf6 18. hxg6 Qxg6 19. g4 Rd8 20. Ng3 Nf6 21. g5 Ne8 22. Rh6 d5 23. Rxg6+ fxg6 24. exd5 Rxf3 25. Qe2 Rxg3 26. Qxe5+ 1-0


[Site "https://www.chess.com"]

[Event "Titled Tuesday Blitz April 18 Early 2023"]
[White "Osiecki, Stanislaw"]
[Black "Ciuffoletti, Paolo"]
[WhiteFideId "1102990"]
[BlackFideId "807630"]
[WhiteElo "2088"]
[BlackElo "2143"]
[Result "1-0"]
[Round "10"]
[TimeControl "180+2"]
[Date "2023.04.18"]
[WhiteClock "0:00:20"]
[BlackClock "0:00:04"]

1. e4 c5 2. c3 d5 3. e5 Nc6 4. d4 Bf5 5. Bd3 Bg6 6. e6 Qd6 7. exf7+ Bxf7 8. Nf3 c4 9. Bc2 Nf6 10. O-O g6 11. Re1 Bg7 12. Ng5 O-O 13. Nxf7 Rxf7 14. h3 Raf8 15. Be3 Nh5 16. Nd2 e5 17. dxe5 Bxe5 18. Nf1 d4 19. cxd4 Nxd4 20. Be4 Rd7 21. Qc1 Bf4 22. Qxc4+ Kg7 23. Bxd4+ Qxd4 24. Qxd4+ Rxd4 25. Bxb7 Rb8 26. Bf3 Rxb2 27. Bxh5 gxh5 28. Re7+ Kg6 29. Rxa7 Bd6 30. Ra6 Kf7 31. Rc1 Ke6 32. Ne3 Rdd2 33. Nc4 Rxa2 34. Rxa2 Rxa2 35. Nxd6 Kxd6 36. Re1 Rd2 37. f4 h4 38. Re5 Rd4 39. Rh5 Rxf4 40. Rxh7 Ke5 41. Rh5+ Kf6 42. Rh8 Kg7 43. Rb8 Rd4 44. Rb5 Rf4 45. Rg5+ Kh6 46. Rg8 Kh7 47. Rg4 Rxg4 48. hxg4 Kg6 49. Kf2 Kf6 50. Ke3 Kg6 51. Kf4 Kf6 52. g5+ Kg6 53. Kg4 Kg7 54. Kxh4 Kg6 55. Kg4 Kh7 56. Kf5 Kg7 57. g3 1-0


[Site "https://www.chess.com"]

[Event "Titled Tuesday Blitz April 18 Early 2023"]
[White "Chincholimath, Halsagar"]
[Black "Prado, Alexandra"]
[WhiteFideId "5022487"]
[BlackFideId "3301346"]
[WhiteElo "1737"]
[BlackElo "1759"]
[Result "1-0"]
[Round "10"]
[TimeControl "180+2"]
[Date "2023.04.18"]
[WhiteClock "0:01:17"]
[BlackClock "0:00:03"]

1. e4 c5 2. Nc3 g6 3. f4 d6 4. d4 cxd4 5. Qxd4 Nf6 6. e5 Nc6 7. Bb5 dxe5 8. Qxd8+ Kxd8 9. Bxc6 bxc6 10. fxe5 Nd5 11. Bd2 Bg7 12. Nf3 Bg4 13. O-O Rf8 14. Rae1 e6 15. Na4 Rb8 16. b3 h6 17. Ba5+ Ke7 18. a3 Rb5 19. Bd2 Rd8 20. c4 Rxb3 21. cxd5 Rxd5 22. Bb4+ Kd7 23. Nc5+ Kc7 24. Nxb3 1-0


[Site "https://www.chess.com"]

[Event "Titled Tuesday Blitz April 18 Early 2023"]
[White "Sanchez, Robert"]
[Black "Kohler, Aran"]
[WhiteFideId "2034360"]
[BlackFideId "1002856"]
[WhiteElo "1971"]
[BlackElo "2225"]
[Result "0-1"]
[Round "10"]
[TimeControl "180+2"]
[Date "2023.04.18"]
[WhiteClock "0:01:05"]
[BlackClock "0:00:07"]

1. e4 c6 2. d4 d5 3. e5 c5 4. dxc5 e6 5. Be3 Qc7 6. Nf3 Bxc5 7. Bxc5 Qxc5 8. Bd3 h6 9. O-O b6 10. Nbd2 Ba6 11. Nb3 Qc7 12. Nbd4 Bxd3 13. cxd3 Ne7 14. Nb5 Qd7 15. Nd6+ Kf8 16. Rc1 Kg8 17. d4 g6 18. h4 Kg7 19. h5 Nbc6 20. Qd2 Nf5 21. Nxf5+ gxf5 22. Rc3 Na5 23. b3 Rac8 24. Rd3 Kh7 25. Nh4 Rhg8 26. Rc1 Rxc1+ 27. Qxc1 Qe7 28. Nf3 Rb8 29. Rc3 Rb7 30. Rc8 a6 31. Rh8+ Kxh8 32. Qxh6+ Kg8 33. Ng5 f6 34. exf6 Qf8 35. Qg6+ Kh8 36. h6 Qg8 37. Qh5 Nc6 38. f7 0-1


[Site "https://www.chess.com"]

[Event "Titled Tuesday Blitz April 18 Early 2023"]
[White "rionelG"]
[Black "Larina, Maria"]
[BlackFideId "24113182"]
[WhiteElo "2192"]
[BlackElo "1848"]
[Result "0-1"]
[Round "10"]
[TimeControl "180+2"]
[Date "2023.04.18"]
[WhiteClock "0:02:23"]
[BlackClock "0:02:28"]

1. e4 c6 2. d4 d5 3. e5 Bf5 4. Nf3 e6 5. Be2 Nd7 6. Nbd2 Ne7 7. O-O h6 8. a4 a5 9. Nb3 g5 10. Bd2 Qb6 11. Ne1 Bg6 12. Nd3 Nf5 0-1


[Site "https://www.chess.com"]

[Event "Titled Tuesday Blitz April 18 Early 2023"]
[White "Mohammed, Zozek Salah Mohammed"]
[Black "Fabris, Alberto"]
[WhiteFideId "4803361"]
[BlackFideId "801348"]
[WhiteElo "2211"]
[BlackElo "2112"]
[Result "1/2-1/2"]
[Round "10"]
[TimeControl "180+2"]
[Date "2023.04.18"]
[WhiteClock "0:00:07"]
[BlackClock "0:00:50"]

1. d4 Nf6 2. Nf3 e6 3. g3 b6 4. Bg2 Bb7 5. O-O Be7 6. c4 O-O 7. Nc3 Ne4 8. Nxe4 Bxe4 9. Nd2 Bxg2 10. Kxg2 d5 11. cxd5 exd5 12. Nf3 Bf6 13. Bf4 c5 14. dxc5 bxc5 15. Rc1 Qb6 16. Qb3 Qxb3 17. axb3 Nd7 18. Rc2 h6 19. Rd1 Nb6 20. Rxc5 Bxb2 21. Be5 Bxe5 22. Nxe5 Rfc8 23. Rdc1 Rxc5 24. Rxc5 Kf8 25. Rc7 f6 26. Ng6+ Kg8 27. Ne7+ Kh7 28. Nc6 Rc8 29. Rxc8 Nxc8 30. Kf3 Kg6 31. Ke3 Kf5 32. Kd4 Ke6 33. Kc5 g6 34. b4 h5 35. b5 Kd7 36. Nxa7 Nxa7 37. b6 Nc6 38. Kxd5 Nb8 39. b7 Na6 40. e4 Nb8 41. f4 Ke7 42. Kc5 Kd7 43. Kb6 Nc6 44. e5 fxe5 45. fxe5 Nb8 46. e6+ Kxe6 47. Kc7 Na6+ 48. Kb6 Nb8 49. Kc7 Na6+ 50. Kb6 Nb8 1/2-1/2


[Site "https://www.chess.com"]

[Event "Titled Tuesday Blitz April 18 Early 2023"]
[White "Winkels, Marcel"]
[Black "2good4u734"]
[WhiteFideId "1003887"]
[WhiteElo "1900"]
[BlackElo "2211"]
[Result "0-1"]
[Round "10"]
[TimeControl "180+2"]
[Date "2023.04.18"]
[WhiteClock "0:00:15"]
[BlackClock "0:00:06"]

1. e4 b6 2. d4 Bb7 3. Bd3 e6 4. Nf3 Nf6 5. c4 Nxe4 6. O-O Be7 7. Qc2 Nf6 8. Nbd2 O-O 9. b3 c5 10. Bb2 cxd4 11. Nxd4 Nc6 12. N2f3 Nb4 13. Qd1 Nxd3 14. Qxd3 d5 15. Ne5 dxc4 16. Nxc4 Qd5 17. Qg3 Ne4 18. Qh3 Bf6 19. Rad1 Ng5 20. Qg3 Ne4 21. Qf3 Qg5 22. Ne3 Nc5 23. Qe2 Rfd8 24. Nf3 Qh5 25. Bxf6 gxf6 26. Nd4 Qg5 27. f3 Ba6 28. Nb5 Bxb5 29. Qxb5 Qxe3+ 30. Kh1 Nd3 31. Rb1 Nf2+ 32. Kg1 Nh3+ 33. Kh1 Qg1+ 0-1


[Site "https://www.chess.com"]

[Event "Titled Tuesday Blitz April 18 Early 2023"]
[White "Semenova, Alina"]
[Black "Quispe Santacruz, Javier"]
[WhiteFideId "24113875"]
[BlackFideId "3800920"]
[WhiteElo "1833"]
[BlackElo "1875"]
[Result "1-0"]
[Round "10"]
[TimeControl "180+2"]
[Date "2023.04.18"]
[WhiteClock "0:01:22"]
[BlackClock "0:00:13"]

1. e4 c5 2. d3 Nc6 3. g3 g6 4. Bg2 Bg7 5. c4 e6 6. Nc3 Nge7 7. Nge2 Nd4 8. O-O O-O 9. Rb1 d6 10. b4 Rb8 11. bxc5 dxc5 12. f4 Nxe2+ 13. Nxe2 Nc6 14. e5 Nd4 15. h3 Nxe2+ 16. Qxe2 Qc7 17. Be3 b6 18. Be4 Bb7 19. Qf3 Bxe4 20. Qxe4 Qb7 21. Qxb7 Rxb7 22. Bxc5 Rd8 23. Bd6 Bf8 24. c5 Bxd6 25. cxd6 f6 26. d4 Kf7 27. Rfc1 g5 28. Rc6 gxf4 29. gxf4 f5 30. Rbc1 Rbd7 31. Kf2 Kf8 32. Kf3 Kf7 33. Rc7 Ke8 34. R1c6 h6 35. Ke3 Kf8 36. Kd3 Ke8 37. Kc4 Kf8 38. Kb5 Ke8 39. Ka6 1-0


[Site "https://www.chess.com"]

[Event "Titled Tuesday Blitz April 18 Early 2023"]
[White "Fernandez Hernandez, Gerardo"]
[Black "Thiel, Thomas"]
[WhiteFideId "2207400"]
[BlackFideId "4615964"]
[WhiteElo "2167"]
[BlackElo "2149"]
[Result "0-1"]
[Round "10"]
[TimeControl "180+2"]
[Date "2023.04.18"]
[WhiteClock "0:00:02"]
[BlackClock "0:00:20"]

1. e4 d5 2. exd5 Nf6 3. Bb5+ Nbd7 4. d4 Nxd5 5. Nf3 c6 6. Be2 g6 7. c4 Nc7 8. Nc3 Bg7 9. Bg5 O-O 10. Qd2 Nf6 11. Bh6 Bf5 12. Bxg7 Kxg7 13. h4 h6 14. Ne5 Nd7 15. Ng4 Bxg4 16. Bxg4 Nf6 17. Bf3 Ne6 18. O-O-O Qb6 19. Kb1 Rfd8 20. d5 cxd5 21. Nxd5 Nxd5 22. Bxd5 h5 23. g4 hxg4 24. h5 Rh8 25. Qc3+ f6 26. hxg6 Rxh1 27. Rxh1 Ng5 28. Qe1 Qd6 29. Rg1 e6 30. Bxb7 Rb8 31. Bh1 Qd4 32. Qe2 Rh8 33. Bb7 Rh2 0-1


[Site "https://www.chess.com"]

[Event "Titled Tuesday Blitz April 18 Early 2023"]
[White "Dubreuil, Julien"]
[Black "Mesa Cruz, Juan Carlos"]
[WhiteFideId "621285"]
[BlackFideId "6423400"]
[WhiteElo "2215"]
[BlackElo "2131"]
[Result "0-1"]
[Round "10"]
[TimeControl "180+2"]
[Date "2023.04.18"]
[WhiteClock "0:00:42"]
[BlackClock "0:01:42"]

1. d4 Nf6 2. c4 e6 3. Nc3 Bb4 4. e3 O-O 5. Ne2 c6 6. a3 Ba5 7. b4 Bc7 8. Bb2 d5 9. Ng3 Nbd7 10. f4 a5 11. Bd3 Qe7 12. O-O axb4 13. axb4 Rxa1 14. Qxa1 dxc4 15. Bc2 b5 16. Nce4 Ng4 17. Qe1 f5 18. Ng5 Bd6 19. Bc3 Nb6 20. h3 Nf6 21. e4 fxe4 22. N3xe4 Nxe4 23. Qxe4 g6 24. d5 Nxd5 25. Ba1 Bxb4 26. Qd4 Bc5 0-1


[Site "https://www.chess.com"]

[Event "Titled Tuesday Blitz April 18 Early 2023"]
[White "Le, Tuan Minh"]
[Black "Terry, Renato"]
[WhiteFideId "12401153"]
[BlackFideId "3803457"]
[WhiteElo "2566"]
[BlackElo "2575"]
[Result "1-0"]
[Round "11"]
[TimeControl "180+2"]
[Date "2023.04.18"]
[WhiteClock "0:01:28"]
[BlackClock "0:00:53"]

1. d4 e6 2. Nf3 Nf6 3. Bg5 b6 4. Nbd2 Bb7 5. e3 h6 6. Bh4 d6 7. h3 Nbd7 8. Be2 g5 9. Bg3 Bg7 10. c4 Qe7 11. Qc2 Nh5 12. Bh2 f5 13. Ne5 dxe5 14. Bxh5+ Kf8 15. d5 e4 16. f3 exd5 17. fxe4 Nf6 18. Bg6 d4 19. exd4 Nxe4 20. O-O-O Nxd2 21. Qxf5+ Qf6 22. Rxd2 Qxf5 23. Bxf5 Rd8 24. d5 c6 25. Rf1 Kg8 26. Be6+ Kh7 27. Rf7 Bc8 28. Be5 Rhg8 29. Rxa7 cxd5 30. Bxg8+ Rxg8 31. Rxg7+ Rxg7 32. Bxg7 Kxg7 33. Rxd5 1-0


[Site "https://www.chess.com"]

[Event "Titled Tuesday Blitz April 18 Early 2023"]
[White "Nakamura, Hikaru"]
[Black "Puranik, Abhimanyu"]
[WhiteFideId "2016192"]
[BlackFideId "5061245"]
[WhiteElo "2885"]
[BlackElo "2477"]
[Result "1-0"]
[Round "11"]
[TimeControl "180+2"]
[Date "2023.04.18"]
[WhiteClock "0:00:03"]
[BlackClock "0:00:01"]

1. Nf3 Nf6 2. b3 d6 3. d4 g6 4. Bb2 Bg7 5. e3 O-O 6. Be2 c5 7. O-O cxd4 8. Nxd4 d5 9. c4 dxc4 10. Bxc4 a6 11. Be2 e5 12. Nf3 e4 13. Nd4 Bd7 14. Nd2 Nc6 15. Nc4 b5 16. Nd2 Re8 17. a4 Nd5 18. Nxc6 Bxc6 19. Bxg7 Kxg7 20. Rc1 Qf6 21. Qc2 Rac8 22. Nxe4 Qe5 23. Nc5 Nxe3 24. fxe3 Qxe3+ 25. Rf2 bxa4 26. bxa4 Bxa4 27. Qc3+ Qxc3 28. Rxc3 Bb5 29. Bxb5 axb5 30. Rfc2 Rcd8 31. Rb3 Rd1+ 32. Kf2 Re5 33. h3 h5 34. Rxb5 Rf5+ 35. Ke3 Rdd5 36. h4 Rfe5+ 37. Kf4 Rf5+ 38. Kg3 Rfe5 39. Rc3 Rf5 40. Kh3 Rfe5 41. Ra5 Rf5 42. g3 Rfe5 43. Rc2 Rf5 44. Kg2 Rfe5 45. Rc4 Rd2+ 46. Kf3 Rdd5 47. Rb5 Rf5+ 48. Ke3 Rde5+ 49. Kd3 Rd5+ 50. Kc3 Rf3+ 51. Kb4 Rxg3 52. Rb7 Rg4 53. Ne6+ Kf6 54. Ng5 Rxc4+ 55. Kxc4 Rf5 56. Rxf7+ Ke5 57. Re7+ Kf4 58. Kd3 Kg4 59. Ke3 Kxh4 60. Ne4 g5 61. Rb7 g4 62. Rb1 Rf3+ 63. Ke2 1-0


[Site "https://www.chess.com"]

[Event "Titled Tuesday Blitz April 18 Early 2023"]
[White "Ivanchuk, Vasyl"]
[Black "Naroditsky, Daniel"]
[WhiteFideId "14100010"]
[BlackFideId "2026961"]
[WhiteElo "2710"]
[BlackElo "2633"]
[Result "0-1"]
[Round "11"]
[TimeControl "180+2"]
[Date "2023.04.18"]
[WhiteClock "0:00:04"]
[BlackClock "0:00:03"]

1. e4 c5 2. Nf3 d6 3. Bb5+ Nd7 4. a4 Nf6 5. d3 e6 6. O-O Be7 7. Re1 O-O 8. c3 d5 9. exd5 Nxd5 10. a5 Qc7 11. Nbd2 Rd8 12. Ne4 N7f6 13. Qe2 Bd7 14. Bxd7 Rxd7 15. Neg5 Bd6 16. g3 h6 17. Ne4 Be7 18. Ned2 Rdd8 19. Nc4 b5 20. axb6 axb6 21. Bd2 Rxa1 22. Rxa1 Qb7 23. Nce5 Bd6 24. Qd1 Nc7 25. Nc4 Be7 26. Qe2 b5 27. Nce5 Bd6 28. h3 Ra8 29. Re1 Rd8 30. Ng4 Nce8 31. d4 cxd4 32. Nxd4 Bc5 33. Be3 Rd5 34. Nb3 Bd6 35. Bd4 Rf5 36. Ne3 Rg5 37. h4 Rg6 38. Bxf6 Nxf6 39. Nd4 Ne4 40. Qxb5 Qe7 41. Nf3 Qf6 0-1


[Site "https://www.chess.com"]

[Event "Titled Tuesday Blitz April 18 Early 2023"]
[White "So, Wesley"]
[Black "Daneshvar, Bardiya"]
[WhiteFideId "5202213"]
[BlackFideId "12576468"]
[WhiteElo "2749"]
[BlackElo "2468"]
[Result "0-1"]
[Round "11"]
[TimeControl "180+2"]
[Date "2023.04.18"]
[WhiteClock "0:00:04"]
[BlackClock "0:00:11"]

1. e4 c6 2. d4 d5 3. exd5 cxd5 4. Bd3 Nf6 5. c3 Bg4 6. Qb3 Qc7 7. h3 Bd7 8. Nf3 e6 9. O-O Bd6 10. Re1 Bc6 11. Qc2 Nbd7 12. Qe2 O-O 13. Nbd2 Nh5 14. g3 Bxg3 15. fxg3 Qxg3+ 16. Kh1 Nf4 17. Qf1 Nxd3 18. Qxd3 Qxh3+ 19. Kg1 Qg3+ 20. Kf1 f6 21. Qe2 e5 22. Qg2 Qxg2+ 23. Kxg2 e4 24. Nh2 f5 25. Rg1 g5 26. a4 h6 27. b3 Kh7 28. Ba3 Rf6 29. Kf1 f4 30. Ng4 Re6 31. Rh1 Kg7 32. Re1 Rh8 33. Nf3 h5 34. Nge5 exf3 35. Nxf3 Rxe1+ 36. Kxe1 Kg6 37. Rg1 g4 38. Bd6 Re8+ 39. Kf2 Kf5 40. Nh4+ Kg5 41. Nf3+ Kf6 42. Nh4 Re4 43. Ng2 Kf5 44. Nh4+ Ke6 45. Bc7 Nf6 46. Ng6 f3 47. Rh1 Re2+ 48. Kg3 Ne4+ 49. Kh4 Kd7 50. Bg3 Nxg3 51. Kxg3 Rg2+ 52. Kf4 f2 53. Rf1 g3 54. Ne5+ Kc8 55. Nf3 Bd7 56. Nd2 Rg1 0-1


[Site "https://www.chess.com"]

[Event "Titled Tuesday Blitz April 18 Early 2023"]
[White "Sarana, Alexey"]
[Black "Kovalenko, Igor"]
[WhiteFideId "24133795"]
[BlackFideId "14117908"]
[WhiteElo "2714"]
[BlackElo "2574"]
[Result "0-1"]
[Round "11"]
[TimeControl "180+2"]
[Date "2023.04.18"]
[WhiteClock "0:00:01"]
[BlackClock "0:00:17"]

1. d4 Nf6 2. c4 e6 3. Nf3 Bb4+ 4. Bd2 a5 5. g3 d5 6. Qc2 O-O 7. Bg2 b6 8. a3 Be7 9. cxd5 exd5 10. O-O Ba6 11. Nc3 c5 12. Rfd1 Nc6 13. Bg5 Rc8 14. dxc5 d4 15. cxb6 Qxb6 16. Bxf6 Bxf6 17. Nd5 Qd8 18. Nxf6+ Qxf6 19. Qd2 Rcd8 20. Rac1 Rfe8 21. Re1 h6 22. Rc5 Re6 23. b4 axb4 24. axb4 Qe7 25. h4 Rdd6 26. b5 Bb7 27. bxc6 Bxc6 28. Qc1 Be4 29. Rc8+ Kh7 30. Qc5 Qf6 31. Rd1 d3 32. Re1 dxe2 33. Qa3 Rd1 34. Rc1 Rxc1 35. Rxc1 Bxf3 36. Qd3+ g6 37. Re1 Bxg2 38. Kxg2 Qb2 39. f3 h5 40. Kf2 Qb6+ 41. Kg2 Re3 42. Qd2 Qe6 43. Kf2 Ra3 44. Rxe2 Qh3 45. Qf4 Qh2+ 0-1


[Site "https://www.chess.com"]

[Event "Titled Tuesday Blitz April 18 Early 2023"]
[White "Sadhwani, Raunak"]
[Black "Deac, Bogdan-Daniel"]
[WhiteFideId "35093487"]
[BlackFideId "1226380"]
[WhiteElo "2631"]
[BlackElo "2649"]
[Result "0-1"]
[Round "11"]
[TimeControl "180+2"]
[Date "2023.04.18"]
[WhiteClock "0:00:02"]
[BlackClock "0:00:02"]

1. Nf3 d5 2. b3 Nf6 3. Bb2 c5 4. e3 e6 5. Bb5+ Nbd7 6. O-O a6 7. Be2 Bd6 8. d4 cxd4 9. exd4 O-O 10. Bd3 Qc7 11. Nbd2 b6 12. Re1 Bb7 13. a3 Rfd8 14. Qe2 Nf8 15. g3 Rac8 16. c3 Ra8 17. Rac1 Re8 18. h4 Qe7 19. a4 Ba3 20. Bxa3 Qxa3 21. Ne5 Qd6 22. h5 h6 23. Qf3 Qc7 24. Bb1 Rac8 25. Re3 N8d7 26. Nxd7 Nxd7 27. Rce1 Qd6 28. Qe2 Nf6 29. Qd3 Rc7 30. Nf3 Ne4 31. c4 Nf6 32. Ne5 dxc4 33. bxc4 Rd8 34. Rd1 Qb4 35. Bc2 b5 36. axb5 axb5 37. c5 Qa5 38. Rb1 b4 39. Nc4 Qa2 40. Bb3 Qa8 41. Nd6 Bd5 42. Bc2 Ra7 43. Rxb4 Ra1+ 44. Rb1 Rxb1+ 45. Bxb1 Rb8 46. Re1 Qa5 47. Rf1 Qb4 48. Bc2 Qa5 49. f3 Qa2 50. g4 Bc6 51. Rf2 Rb2 52. Qc3 Qa1+ 53. Kg2 Kf8 54. Kh2 Nd5 55. Qd2 Qa2 56. Qd3 Ba4 57. Qh7 Rxc2 58. Qh8+ Ke7 59. Rxc2 Qxc2+ 60. Kg3 Qc1 61. Qc8 Qg1+ 0-1


[Site "https://www.chess.com"]

[Event "Titled Tuesday Blitz April 18 Early 2023"]
[White "Shimanov, Aleksandr"]
[Black "Rodshtein, Maxim"]
[WhiteFideId "4198603"]
[BlackFideId "2806851"]
[WhiteElo "2631"]
[BlackElo "2555"]
[Result "1-0"]
[Round "11"]
[TimeControl "180+2"]
[Date "2023.04.18"]
[WhiteClock "0:00:53"]
[BlackClock "0:00:01"]

1. e4 g6 2. d4 Bg7 3. Nf3 d6 4. Nc3 Nf6 5. Be3 Nbd7 6. Qd2 c6 7. O-O-O O-O 8. Bh6 b5 9. Bd3 e5 10. h4 b4 11. Nb1 Bxh6 12. Qxh6 Ng4 13. Qd2 h5 14. dxe5 dxe5 15. Ng5 Qb6 16. Rdf1 Nc5 17. Bc4 Kg7 18. f3 Nf6 19. Rd1 a5 20. Qd6 Na4 21. Qxe5 Qe3+ 22. Nd2 Re8 23. Qc7 Ra7 24. Qh2 Nc3 25. Qg1 Nxd1 26. Kxd1 Qxg1+ 27. Rxg1 Rd7 28. Ke2 Red8 29. Bd3 Nh7 30. Nb3 Nxg5 31. hxg5 Ra7 32. Ke3 Be6 33. Nc5 a4 34. b3 axb3 35. axb3 Kf8 36. f4 Ke7 37. f5 Bc8 38. f6+ Ke8 39. Bc4 Ra5 40. Nd3 Rxg5 41. Nxb4 Bb7 42. Nd3 c5 43. Nf2 Rg3+ 44. Kf4 Rc3 45. Bd3 c4 46. Bxc4 Rxc2 47. Nh3 Rd4 48. Ng5 Kf8 49. Ra1 Rf2+ 50. Ke5 Rd7 51. g3 1-0


[Site "https://www.chess.com"]

[Event "Titled Tuesday Blitz April 18 Early 2023"]
[White "Caruana, Fabiano"]
[Black "Licznerski, Lukasz"]
[WhiteFideId "2020009"]
[BlackFideId "1179250"]
[WhiteElo "2837"]
[BlackElo "2450"]
[Result "1-0"]
[Round "11"]
[TimeControl "180+2"]
[Date "2023.04.18"]
[WhiteClock "0:00:26"]
[BlackClock "0:00:02"]

1. d4 Nf6 2. Bf4 g6 3. e3 Bg7 4. Nf3 d6 5. Nbd2 Nh5 6. Bg5 h6 7. Bh4 g5 8. Bg3 e6 9. Bd3 Nd7 10. c3 b6 11. a4 a6 12. Be4 Rb8 13. Bc6 Qe7 14. O-O O-O 15. Qe2 f5 16. Rad1 e5 17. dxe5 Nxg3 18. Qc4+ Kh8 19. exd6 Qxd6 20. hxg3 Nc5 21. Bd5 c6 22. Bf7 Qf6 23. Bh5 Be6 24. Qe2 Nxa4 25. Nd4 Bc8 26. e4 Nxb2 27. Ra1 b5 28. Rfe1 Na4 29. e5 Qd8 30. Nxc6 Qc7 31. Nxb8 Qxb8 32. Rac1 Be6 33. Nf3 Qb6 34. Red1 Rc8 35. Rd6 Qc5 36. Rxe6 Nxc3 37. Rxc3 Qxc3 38. Rxa6 Qc1+ 39. Kh2 b4 40. e6 Qc4 41. Qxc4 1-0


[Site "https://www.chess.com"]

[Event "Titled Tuesday Blitz April 18 Early 2023"]
[White "Andreikin, Dmitry"]
[Black "Bharath Subramaniyam H"]
[WhiteFideId "4158814"]
[BlackFideId "46634827"]
[WhiteElo "2736"]
[BlackElo "2395"]
[Result "1-0"]
[Round "11"]
[TimeControl "180+2"]
[Date "2023.04.18"]
[WhiteClock "0:00:21"]
[BlackClock "0:00:06"]

1. d4 Nf6 2. Bg5 Ne4 3. Bf4 c5 4. f3 Qa5+ 5. c3 Nf6 6. d5 e6 7. e4 exd5 8. exd5 d6 9. Na3 Be7 10. Nc4 Qc7 11. a4 O-O 12. Ne2 Nbd7 13. Ng3 Nb6 14. Ne3 h6 15. a5 Nbd7 16. Ngf5 Re8 17. Bd3 Bf8 18. O-O Ne5 19. Bc2 Bd7 20. Kh1 b5 21. axb6 axb6 22. Rxa8 Rxa8 23. Qe1 Re8 24. Qh4 Qd8 25. Bxh6 Ng6 26. Qg5 gxh6 27. Nxh6+ Bxh6 28. Qxh6 Qe7 29. Nc4 Bb5 30. Bxg6 fxg6 31. Qxg6+ Qg7 32. Qxg7+ Kxg7 33. b3 Nxd5 34. Nxd6 Bxf1 35. Nxe8+ Kf8 36. Nd6 Nxc3 37. h4 Nd5 38. h5 Nf4 39. g4 Bg2+ 40. Kh2 Bxf3 41. Kg3 Bxg4 42. Kxg4 Ne6 43. Kf5 Nd4+ 44. Kg6 Kg8 45. h6 Nc6 46. h7+ Kh8 47. Nf7# 1-0


[Site "https://www.chess.com"]

[Event "Titled Tuesday Blitz April 18 Early 2023"]
[White "Fier, Alexandr"]
[Black "Lazavik, Denis"]
[WhiteFideId "2107139"]
[BlackFideId "13515110"]
[WhiteElo "2610"]
[BlackElo "2560"]
[Result "0-1"]
[Round "11"]
[TimeControl "180+2"]
[Date "2023.04.18"]
[WhiteClock "0:00:38"]
[BlackClock "0:00:16"]

1. d4 Nf6 2. c4 e6 3. Nc3 Bb4 4. e3 O-O 5. Ne2 d5 6. a3 Be7 7. cxd5 exd5 8. Nf4 c6 9. Bd3 Nbd7 10. O-O Re8 11. b4 Nf8 12. Rb1 Bd6 13. Nfe2 Ng6 14. f3 Bc7 15. Bd2 Qd6 16. Ng3 h5 17. Rf2 h4 18. Nf1 Bd7 19. Qc2 Nh5 20. Ne2 Qf6 21. Bxg6 fxg6 22. e4 g5 23. Re1 Qg6 24. Nc3 g4 25. fxg4 Bxg4 26. Bc1 dxe4 27. Rxe4 Rxe4 28. Nxe4 Bf5 29. Qa2+ Be6 30. Qc2 Kh8 31. Qe2 Re8 32. Ng5 Bc8 33. Qf3 Nf6 34. Bf4 Bb6 35. Be3 Kg8 36. Nh3 Bg4 37. Nf4 Qf7 0-1


[Site "https://www.chess.com"]

[Event "Titled Tuesday Blitz April 18 Early 2023"]
[White "Svane, Rasmus"]
[Black "Smirnov, Pavel"]
[WhiteFideId "4657101"]
[BlackFideId "4123425"]
[WhiteElo "2597"]
[BlackElo "2519"]
[Result "1-0"]
[Round "11"]
[TimeControl "180+2"]
[Date "2023.04.18"]
[WhiteClock "0:00:45"]
[BlackClock "0:00:01"]

1. Nf3 Nf6 2. g3 d5 3. Bg2 e6 4. O-O Be7 5. c4 O-O 6. b3 c5 7. cxd5 Nxd5 8. Nc3 b6 9. Nxd5 exd5 10. Bb2 Nc6 11. d4 Bb7 12. Rc1 a5 13. dxc5 bxc5 14. Ne1 Nb4 15. a3 Na6 16. Nd3 Rb8 17. e3 d4 18. Bxb7 Rxb7 19. exd4 cxd4 20. Rc6 Rb6 21. Qc2 Qb8 22. Bxd4 Rxc6 23. Qxc6 Qd6 24. Qxd6 Bxd6 25. a4 Rb8 26. Rb1 h5 27. Bc3 Nb4 28. Bxb4 Bxb4 29. Ne5 f6 30. Nc6 Rb6 31. Rc1 Kf7 32. Kf1 Ba3 33. Rc3 Bb4 34. Rc4 Ke6 35. Nxb4 axb4 36. Rc5 Kd6 37. Rxh5 g5 38. h4 gxh4 39. gxh4 1-0


[Site "https://www.chess.com"]